 Dungeon Crawl Stone Soup version 0.19-a0-1097-g38e3b35 (webtiles) character file.

1087 Leszczynek the Basher (level 8, -4/70 HPs)
             Began as an Ogre Earth Elementalist on Aug 8, 2016.
             Was an Initiate of Makhleb.
             Slain by a giant frog skeleton (7 damage)
             ... on level 7 of the Dungeon.
             The game lasted 00:17:34 (2514 turns).

Leszczynek the Basher (Ogre Earth Elementalist)     Turns: 2514, Time: 00:17:34

Health: -4/70      AC:  3    Str: 16    XL:     8   Next: 30%
Magic:  11/11      EV: 13    Int: 14    God:    Makhleb [......]
Gold:   222        SH:  0    Dex: 10    Spells: 2 memorised, 8 levels left

rFire  . . .     SeeInvis +     q - +0 giant club
rCold  . . .     Gourm    +     x - +0 robe
rNeg   . . .     Faith    .     (shield currently unavailable)
rPois  .         Spirit   .     (helmet restricted)
rElec  .         Dismiss  .     (no cloak)
rCorr  .         Reflect  .     (gloves unavailable)
SustAt .         Harm     .     (boots unavailable)
MR     .....                    u - amulet of the gourmand
Stlth  +.........               d - +3 ring of evasion
                                v - ring of see invisible

@:
A: unfitting armour, tough skin 1
a: Renounce Religion


You were on level 7 of the Dungeon.
You worshipped Makhleb.
Makhleb was noncommittal.
You were not hungry.

You visited 2 branches of the dungeon, and saw 8 of its levels.

You collected 222 gold pieces.

Inventory:

Hand Weapons
 a - a +1 flail of protection
 j - a +0 blowgun
 q - a +0 giant club (weapon)
 t - a +0 hunting sling
Missiles
 b - 161 stones (quivered)
 f - 12 tomahawks
 l - 23 poisoned needles
Armour
 x - a +0 robe (worn)
Jewellery
 d - a +3 ring of evasion (right hand)
 u - an amulet of the gourmand (around neck)
 v - a ring of see invisible (left hand)
Wands
 p - a wand of disintegration (5/24)
 s - a wand of iceblast (7/15)
 y - a wand of digging (15/24)
 A - a wand of flame (20/48)
Scrolls
 e - a scroll of teleportation
 g - a scroll of identify
 h - 2 scrolls of immolation
 i - 2 scrolls of noise
 k - a scroll of fear
 r - 3 scrolls of remove curse
Potions
 n - a potion of brilliance
Comestibles
 c - 2 bread rations
 o - a meat ration


   Skills:
 - Level 1.3 Fighting
 + Level 11.9 Maces & Flails
 - Level 1.7 Dodging
 - Level 1.5 Stealth
 - Level 2.4 Spellcasting
 - Level 0.6 Transmutations
 - Level 2.1 Earth Magic


You had 8 spell levels left.
You knew the following spells:

 Your Spells              Type           Power        Failure   Level  Hunger
a - Sandblast             Erth           #.....       12%         1    #......
b - Passwall              Tmut/Erth      #.........   21%         2    ###....


Dungeon Overview and Level Annotations

Branches:
Dungeon (7/15)             Temple (1/1) D:5

Altars:
Dithmenos
Elyvilon
Fedhas
Gozag
Kikubaaqudgha
Makhleb
Nemelex Xobeh
Okawaru
Pakellas
Qazlal
Ru
Sif Muna
Trog
Uskayaw
Vehumet
Xom
Yredelemnul
Zin
The Shining One

Annotations:
D:6 Sigmund
D:7 exclusion: centaur, FrancescoMac's ghost, novice KoHu


Innate Abilities, Weirdness & Mutations

You are too large for most types of armour.
You have tough skin. (AC +1)


Message History

You closely miss the giant frog.
The giant frog is severely wounded.
The giant frog barely misses you. x2; The giant frog skeleton misses you.
Unknown command.
You closely miss the giant frog.
The giant frog is severely wounded.
The giant frog hits you. The giant frog skeleton hits you.
* * * LOW HITPOINT WARNING * * *
The giant frog hits you.
* * * LOW HITPOINT WARNING * * *
FrancescoMac's ghost whispers, "Soon you will have time, lots of time..."
FrancescoMac's ghost hits you!
* * * LOW HITPOINT WARNING * * *
Unknown command.
You closely miss the giant frog.
The giant frog is severely wounded.
The giant frog skeleton hits you.
* * * LOW HITPOINT WARNING * * *
The giant frog closely misses you. The giant frog skeleton hits you!
You die...

### #### ...# ######## #...
#.(##......## #...
#....†.....## #..(
####..........# ####...
.......)........ .......
#...@Z...... ###...
#...WF.....# #... .###
#..........# #... .....
##........###.####... ......
##........###........
.(....##..........#######..#
....#..#.......(.......###.#
.#.....#..............###.#
#.. .........F..<........##
#.# ##.


You could see a giant frog, FrancescoMac's ghost and a giant frog skeleton.

Vanquished Creatures
  A sky beast (D:6)
  An ice beast (D:5)
  4 ogres
  A centaur (D:7)
  A giant frog (D:6)
  3 killer bees (D:7)
  A howler monkey (D:5)
  A crimson imp (D:7)
  A hound (D:4)
  A jelly (D:7)
  An orc priest (D:4)
  An orc wizard (D:4)
  4 adders
  A shadow imp (D:5)
  2 adder skeletons
  A dart slug (D:1)
  3 giant geckos
  3 orcs
  A ball python (D:2)
  6 bats
  3 giant cockroaches
  A goblin (D:3)
  5 hobgoblins
  7 jackals
  2 quokkas
  A giant newt (D:5)
  5 kobolds
  A quokka skeleton (D:5)
  6 rats
69 creatures vanquished.

Notes
Turn   | Place    | Note
-------+----------+-------------------------------------------
     0 | D:1      | Leszczynek the Ogre Earth Elementalist began the quest for the Orb.
     0 | D:1      | Reached XP level 1. HP: 16/16 MP: 3/3
    18 | D:1      | Reached skill level 1 in Fighting
    86 | D:1      | Reached skill level 1 in Maces & Flails
   129 | D:2      | Reached XP level 2. HP: 27/27 MP: 1/5
   163 | D:2      | Found an opulent altar of Gozag.
   196 | D:2      | Reached skill level 2 in Maces & Flails
   197 | D:2      | EVERY JEWELLERY ON D:1-2 WILL BE TELE, INACC OR HARM, INEVITABLY
   197 | D:2      | golden rule
   197 | D:2      | why do i even pick them up
   197 | D:2      | because if i don't, it will be +6 AC or EV
   197 | D:2      | that's why
   376 | D:2      | Learned a level 2 spell: Passwall
   385 | D:2      | Reached skill level 3 in Maces & Flails
   385 | D:2      | Reached XP level 3. HP: 28/33 MP: 2/6
   762 | D:3      | Reached skill level 4 in Maces & Flails
   866 | D:2      | Reached XP level 4. HP: 41/41 MP: 2/7
   932 | D:4      | Reached skill level 5 in Maces & Flails
  1084 | D:4      | HP: 4/41 [orc priest (1)]
  1085 | D:4      | can't hit even once
  1085 | D:4      | wow
  1087 | D:4      | HP: 1/41 [orc priest (2)]
  1094 | D:4      | Reached XP level 5. HP: 12/48 MP: 8/8
  1100 | D:4      | Reached skill level 6 in Maces & Flails
  1257 | D:4      | Noticed an ogre
  1266 | D:4      | Killed an ogre
  1266 | D:4      | Reached skill level 7 in Maces & Flails
  1266 | D:4      | Reached XP level 6. HP: 23/55 MP: 9/9
  1290 | D:5      | Entered Level 5 of the Dungeon
  1308 | D:5      | Found a staircase to the Ecumenical Temple.
  1317 | Temple   | Entered the Ecumenical Temple
  1349 | Temple   | Became a worshipper of Makhleb the Destroyer
  1546 | D:5      | Noticed an ice beast
  1579 | D:5      | Killed an ice beast
  1579 | D:5      | Reached skill level 8 in Maces & Flails
  1663 | D:6      | Noticed Sigmund
  1739 | D:6      | Reached skill level 9 in Maces & Flails
  1739 | D:6      | Reached XP level 7. HP: 36/62 MP: 10/10
  1918 | D:6      | Noticed a gargoyle
  1979 | D:7      | Reached skill level 10 in Maces & Flails
  2056 | D:7      | Noticed FrancescoMac's ghost (novice KoHu)
  2226 | D:7      | Reached XP level 8. HP: 64/70 MP: 11/11
  2228 | D:7      | Reached skill level 11 in Maces & Flails
  2310 | D:7      | ogres lose against everything
  2310 | D:7      | remember that
  2310 | D:7      | every species are stronger than an ogre
  2310 | D:7      | case in point - every fight against any ghost ever
  2310 | D:7      | unless you find a GDA on d:4
  2311 | D:7      | HP: 4/70 [FrancescoMac's ghost (6)]
  2507 | D:7      | nice
  2513 | D:7      | HP: 5/70 [FrancescoMac's ghost (7)]
  2514 | D:7      | Slain by a giant frog skeleton

Vault maps used:
D:1:      dpeg_arrival_short_road, kennysheep_minor_cross
D:2:      minmay_misc_feat_plants, minmay_misc_feat_enclosed,
          nicolae_gozag_seed_capital
D:3:      uniq_crazy_yiuf_cottage
D:4:      first_bread
D:5:      grunt_ministairs_10, uniq_prince_ribbit1
D:6:      uniq_sigmund
Temple:   grunt_wide_crystal_templ

Skill      XL: |  1  2  3  4  5  6  7  8 |
---------------+-------------------------+-----
Fighting       | 1 |  1.3
Maces & Flails | 1 3 4 5 7 9 10 11 | 11.9
Dodging        | |  1.7
Stealth        | |  1.5
Spellcasting   | |  2.4
Transmutations | |  0.6
Earth Magic    | |  2.1

Action                   |  1- 3 |  4- 6 |  7- 9 || total
-------------------------+-------+-------+-------++-------
Melee: Whip              |    32 |       |       ||    32
       Flail             |    33 |    95 |    22 ||   150
       Giant club        |       |       |    60 ||    60
 Fire: Hunting sling     |       |     3 |     3 ||     6
 Cast: Sandblast         |    40 |     6 |       ||    46
Evoke: Wand              |       |       |    12 ||    12
  Use: Scroll            |     2 |     4 |     3 ||     9
       Potion            |     2 |     7 |     6 ||    15
  Eat: Beef jerky        |       |     1 |       ||     1
       Chunk             |       |     3 |       ||     3
       Royal jelly       |       |       |     2 ||     2
Armor: Robe              |    31 |    39 |     9 ||    79
       Skin              |       |    15 |    56 ||    71
Dodge: Dodged            |    42 |    61 |    40 ||   143
